 Dungeon Crawl Stone Soup version 0.30-a0-772-g5528072125 (webtiles) character file.

Game seed: 3755307534771914218

32 tilp the Shield-Bearer (level 3, -3/31 HPs)
             Began as a Meteoran Fighter on Feb 11, 2023.
             Killed from afar by Ijyb (16 damage)
             ... with a bolt of light
             ... on level 3 of the Dungeon on Feb 12, 2023.
             The game lasted 00:01:59 (350 turns).

tilp the Shield-Bearer (Meteoran Fighter)            Turns: 350, Time: 00:02:00

Health: -3/31      AC:  8    Str: 17    XL:     3   Next: 64%
Magic:  4/4        EV:  9    Int: 10    God:
Gold:   58         SH:  5    Dex: 15    Spells: 2/2 levels left

rFire   . . .      SeeInvis .    a - +0 long sword
rCold   . . .      Faith    .    c - +0 buckler
rNeg    . . .      Spirit   .    b - +0 scale mail
rPois   .          Reflect  .    (no helmet)
rElec   .          Harm     .    g - +0 cloak
rCorr   .          Rampage  .    (no gloves)
Will    .....                    (no boots) Stlth
                                 (no amulet)
HPRegen 0.25/turn                (no ring)
MPRegen 0.09/turn                (no ring)

@: glowing
A: sense surroundings 1, otherworldly, glowing, explore regen
a: no special abilities


You were on level 3 of the Dungeon.
You visited 1 branch of the dungeon, and saw 3 of its levels.

You collected 58 gold pieces.

Inventory:

Hand Weapons
 a - a +0 long sword (weapon)
Missiles
 f - 7 stones (quivered)
Armour
 b - a +0 scale mail (worn)
 c - a +0 buckler (worn)
 g - a +0 cloak (worn)
Scrolls
 h - 2 scrolls of poison {unknown}
 i - a scroll of noise {unknown}
 j - a scroll of torment {unknown}
Potions
 d - a potion of might
 e - a potion of curing {unknown}
 k - a potion of flight {unknown}


   Skills:
 + Level 3.5 Fighting
 * Level 2.8 Long Blades
 + Level 3.8 Armour
 * Level 1.4 Dodging
 * Level 0.9 Stealth
 + Level 3.9 Shields


You had 2 spell levels left.
You didn't know any spells.
Your spell library was empty.

Dungeon Overview and Level Annotations

Branches:
Dungeon (3/15) Zot: 1421

Altars:

Annotations:
D:3 Ijyb, Robin


Innate Abilities, Weirdness & Mutations

You passively map a small area around you.
You are easily found by Zot.
You glow in the dark.
You regain HP and MP as you explore.


Message History

The hobgoblin hits you but does no damage.
You barely miss the hobgoblin. The hobgoblin closely misses you.
You closely miss the hobgoblin.
A hobgoblin comes into view.
The hobgoblin misses you. The hobgoblin barely misses you.
You slash the hobgoblin!
You kill the hobgoblin!
You see here a hobgoblin corpse.
Robin of the Strong Arm comes into view.
They are wielding a +0 spear.
There are no items here.
A hobgoblin comes into view.
The hobgoblin shouts!
The hobgoblin hits you but does no damage.
Robin completely misses you. You block the hobgoblin's attack.
You hit Robin but do no damage. The hobgoblin misses you.
The hobgoblin hits you but does no damage.
Robin roars a battlecry!
The hobgoblins go into a battle-frenzy!
You hit Robin but do no damage. You block the hobgoblin's attack.
The hobgoblin barely misses you.
Ijyb the Twisted Goblin comes into view.
She is wielding a +0 club and carrying a wand of light (5).
Robin hits you but does no damage.
You barely miss Robin. The hobgoblin hits you. The hobgoblin barely misses you.
Robin hits you with a +0 spear. The hobgoblin barely misses you.
The hobgoblin hits you.
Robin roars a battlecry!
Ijyb goes into a battle-frenzy!
The hobgoblin attacks as you move away! The hobgoblin completely misses you.
Robin flexes a bicep menacingly.
Robin hits you but does no damage. The hobgoblin attacks as you move away!
You block the hobgoblin's attack. Robin hits you but does no damage.
You block the hobgoblin's attack. Robin barely misses you.
The hobgoblin hits you. Robin barely misses you. Robin throws Ijyb at you!
The hobgoblin attacks as you move away! The hobgoblin hits you.
Robin says, "A pitiful Meteoran like you will never find the ORB!"
Ijyb zaps a wand.
The bolt of light hits you!
Ouch! That really hurt!
You die...

, ####...........
,..............., , *
...#..........
######.##..##########. ,,
......................
..........g.........#
##...........†......#. *
,..........gg..(.......
##........@g........##
.........#...........#,* ,
### ##.#####.............#
,..# ,,, ###...##....#.###
* #.# # #.....###.......
#.####.#.#.#..####.##..###
* .......#...<.......# ..#
# #......#......######
#.#.....##.###.## , ,


You could see Ijyb (strong), Robin and 2 hobgoblins.

Vanquished Creatures
  An adder (D:2)
  A worm (D:2)
  3 bats (D:2)
  2 endoplasms
  A giant cockroach (D:2)
  3 goblins (D:2)
  4 hobgoblins
  A frilled lizard (D:2)
  A kobold (D:1)
  2 rats (D:2)
19 creatures vanquished.

Notes
Turn   | Place    | Note
-------+----------+-------------------------------------------
     0 | D:1      | tilp the Meteoran Fighter began the quest for the Orb.
     0 | D:1      | Reached XP level 1. HP: 19/19 MP: 2/2
    87 | D:2      | Reached XP level 2. HP: 24/26 MP: 3/3
   147 | D:2      | Reached skill level 1 in Dodging
   147 | D:2      | Reached XP level 3. HP: 31/31 MP: 4/4
   179 | D:2      | Upgraded the game from 0.30-a0-760-g5a9884bb7c to
                  | 0.30-a0-772-g5528072125
   339 | D:3      | Noticed Robin
   343 | D:3      | Noticed Ijyb
   350 | D:3      | Killed from afar by Ijyb

Illustrated notes

Levels and vault maps discovered:
D:1:      wander_arrival_estate, layout_basic
D:2:      layout_rooms, uniq_crazy_yiuf_cottage
D:3:      layout_basic, tgw_kikubaaqudgha, mainiacjoe_overflow_alcove_1,
          minivault_4, minmay_misc_feat_tower, nicolae_goblin_pals

Skill      XL: |  1  2 |
---------------+-------+-----
Dodging        | 1 |  1.4
Fighting       | |  3.5
Long Blades    | |  2.8
Armour         | |  3.8
Stealth        | |  0.9
Shields        | |  3.9

Action                     || total
---------------------------++-------
  Melee: Long sword        ||    91
 Armour: Scale mail        ||    59
  Dodge: Dodged            ||    44
  Block: Buckler           ||    32

Table legend: (Time is in decaauts)
 A = Elapsed time spent in this place.
 B = Non-inter-level travel time spent in this place.
 C = Inter-level travel time spent in this place.
 D = Time resting spent in this place.
 E = Time spent auto-exploring this place.
 F = Levels seen in this place.
 G = Mean time per level.
                   A        B        C        D        E       F      G
               +--------+--------+--------+--------+--------+-----+--------+
         Total |    378 |    378 |      0 |      0 |      0 |   3 |  126.0 |
       Dungeon |    378 |    378 |      0 |      0 |      0 |   3 |  126.0 |
               +--------+--------+--------+--------+--------+-----+--------+

Top non-repeatable levels by time:
     D:2: 262 daAuts
     D:1: 70 daAuts
     D:3: 45 daAuts
